 Dungeon Sprint DCSS version 0.21-a0-55-gb612c23 (webtiles) character file.

44467992 Kidiri the Heavyweight Champion (level 20, 82/226 HPs)
             Began as a Troll Monk on June 15, 2017.
             Was the Champion of Wu Jian.
             Escaped with the Orb
             ... and 10 runes on June 16, 2017!
             The game lasted 02:12:04 (14308 turns).

Kidiri the Heavyweight Champion (Troll Monk)       Turns: 14308, Time: 02:12:05

Health: 82/226     AC: 27    Str: 33    XL:     20   Next: 68%
Magic:  31/31      EV: 28    Int:  3    God:    Wu Jian [******]
Gold:   588        SH: 32    Dex: 16    Spells: 19/19 levels left

rFire    . . .     SeeInvis .     - Unarmed
rCold    + + +     Gourm    +   L - +4 large shield {reflect}
rNeg     + + .     Faith    .   J - +5 swamp dragon scales of Life {rPois MR+ Str+2 Int-3}
rPois    +         Spirit   .   k - +2 hat {MR+}
rElec    +         Reflect  +   Q - +4 dragonskin cloak
rCorr    .         Harm     .   (gloves unavailable)
MR       +++..     NoTele   +   (boots unavailable)
Stlth    +++.......             G - +4 amulet of reflection
HPRegen  0.87/turn              i - ring "Jayps" {+Fly rElec rC+ rN+ Str+6}
MPRegen  0.22/turn              y - ring "Kacenotu" {rC+ Str+3}

@: very slightly contaminated
A: unfitting armour, beak, claws 3, talons 1, yellow scales 1, blurry vision 1,
clumsy 1, cold resistance 1, deformed body, fast metabolism 3, frail 1,
gourmand, regeneration 1, screaming 2, shaggy fur 1, tough skin 2, weak 1, no
potion heal 1
0: Orb of Zot
}: 10/10 runes: decaying, serpentine, slimy, silver, golden, iron, obsidian,
icy, bone, demonic
a: Serpent's Lash, Heavenly Storm, Renounce Religion, Evoke Flight


You escaped.
You worshipped Wu Jian.
Wu Jian was exalted by your worship.
You were not hungry.

You visited 1 branch You collected 3368 gold pieces.
You spent 2780 gold pieces at shops.

Inventory:

Hand Weapons
 M - the +7 longbow "Piercer" {penet, EV-2}
   (You found it in the Dungeon)

   Ammo fired by it will pass through the targets it hits, potentially hitting
   all targets in its path until it reaches maximum range.
   It affects your evasion (-2).
Missiles
 a - 7 throwing nets (quivered)
 j - 281 arrows
 z - 30 arrows of dispersal
Armour
 k - a +2 hat of magic resistance (worn)
 J - the +5 swamp dragon scales of Life (worn) {rPois MR+ Str+2 Int-3}
   (You acquired it in the Dungeon)

   It affects your strength (+2).
   It affects your intelligence (-3).
   It protects you from poison.
   It affects your resistance to hostile enchantments.
 L - a +4 large shield of reflection (worn)
 Q - the +4 dragonskin cloak (worn)
   (You took it off Tiamat in the Dungeon)
Jewellery
 i - the ring "Jayps" (left claw) {+Fly rElec rC+ rN+ Str+6}
   (You took it off a deep elf annihilator in the Dungeon)

   [ring of strength]

   It affects your strength (+6).
   It protects you from cold.
   It insulates you from electricity.
   It protects you from negative energy.
   It lets you fly.
 y - the ring "Kacenotu" (right claw) {rC+ Str+3}
   (You found it in the Dungeon)

   [ring of strength]

   It affects your strength (+3).
   It protects you from cold.
 G - a +4 amulet of reflection (around neck)
Wands
 c - a wand of paralysis (8/24)
 t - a wand of disintegration (17/24)
 u - a wand of flame (25/48)
 w - a wand of scattershot (8/9)
 x - a wand of acid (8/15)
 B - a wand of digging (8/24)
 D - a wand of disintegration (17/24)
 E - a wand of disintegration (7/24)
 H - a wand of lightning (5/15)
 O - a wand of clouds (5/9)
 T - a wand of polymorph (14/24)
 V - a wand of iceblast (9/15)
Scrolls
 h - 3 scrolls of blinking
 l - a scroll of holy word
 r - 3 scrolls of torment
 v - 2 scrolls of silence
 F - a scroll of fog
 K - a scroll of fear
Potions
 d - a potion of ambrosia
 e - 8 potions of haste
 f - 3 potions of magic
 m - 2 potions of might
 p - a potion of invisibility
 q - 6 potions of flight
 A - 15 potions of heal wounds
 C - 13 potions of curing
 N - 5 potions of agility
 R - a potion of berserk rage
 S - 5 potions of resistance
Comestibles
 b - 5 bread rations
 o - 19 royal jellies
 s - 2 meat rations


   Skills:
 * Level 26.1 Fighting
 + Level 16.5 Bows
 + Level 19.3 Armour
 * Level 26.2 Dodging
 * Level 21.8 Stealth
 + Level 19.0 Shields
 O Level 27 Unarmed Combat
 + Level 17.0 Evocations


You had 19 spell levels left.
You didn't know any spells.

Dungeon Overview and Level Annotations

Branches:
Dungeon (1/1)

Altars:
Cheibriados
Dithmenos
Elyvilon
Fedhas
Gozag
Hepliaklqana
Kikubaaqudgha
Makhleb
Nemelex Xobeh
Okawaru
Qazlal
Ru
Sif Muna
Trog
Uskayaw
Vehumet
Wu Jian
Xom
Yredelemnul
Zin
The Shining One
Beogh
Jiyva
Lugonu

Shops:
D (%=[}%}!%!!}!!(=:%[??}!=

Annotations:
D exclusion: door


Innate Abilities, Weirdness & Mutations

You are too large for most types of armour.
You have claws for hands.
Your metabolism is lightning-fast.
You like to eat raw meat.
Your natural rate of healing is unusually fast.
You are covered in fur. (AC +1)
You have very tough skin. (AC +2)
You have a beak for a mouth.
You have sharp toenails.
You are partially covered in yellow scales. (AC +2)
Scrolls take you a little longer to read.
You are clumsy. (Dex -2)
Your flesh is cold resistant. (rC+)
Armour fits poorly on your strangely shaped body.
You are frail. (-10% HP)
You sometimes yell uncontrollably at your foes.
You are weak. (Str -2)
Potions are less effective at restoring your health.


Message History

You lunge at the Tzitzimitl in a flurry of attacks.
You eviscerate the Tzitzimitl!!!! Your kick misses the Tzitzimitl.
Your peck misses the Tzitzimitl.
The Tzitzimitl is almost dead.
You eviscerate the Tzitzimitl!!!
You kill the Tzitzimitl!
The Council accepts your kill.
Your Shields skill increases to level 19!
You feel less exhausted.
You hear a distant "Zot"!
You hear a distant "Zot"!
The heavenly storm settles.
Unknown command.
You hear a distant "Zot"!
You hear a distant "Zot"!
You hear a distant "Zot"!
You hear a distant "Zot"!
You hear a distant "Zot"!
There is a staircase leading out of the dungeon here.
You have escaped!

▓▓▓▓▓▓▓▓▓ ▓▓
▓@..#§§§#### ##.
▓...#§§§§§§#####..
▓..##§§§§§§§#..#..
▓##.##§##§§§#..#§§
##.##§###§§##§#§§
▓#.####.##§§###§§§
▓.###..##§§####§§§
▓#.....##§§###§§§§
###..##§§§##§§§§§


There were no monsters in sight!

Vanquished Creatures
  Antaeus (D)
  the Royal Jelly (D)
  Ereshkigal (D)
  the Serpent of Hell (D)
  Gloorx Vloq (D)
  Tiamat (D)
  Dispater (D)
  An orb of fire (D)
  Mennas (D)
  Mara (D)
  An ancient lich (D)
  6 greater mummies (D)
  Sojobo (D)
  Boris (D)
  A Killer Klown (D)
  Geryon (D)
  A golden dragon (D)
  Nikola (D)
  Nellie (D)
  3 Brimstone Fiends (D)
  A Tzitzimitl (D)
  An electric golem (D)
  2 liches (D)
  Rupert (D)
  5 Ice Fiends (D)
  3 Hell Sentinels (D)
  4 Orb Guardians (D)
  An iron giant (D)
  A deep elf master archer (D)
  5 deep elf blademasters (D)
  3 quicksilver dragons (D)
  2 titans (D)
  2 sphinxes (D)
  4 pandemonium lords (D)
  10 acid blobs (D)
  An Executioner (D)
  Chuck (D)
  Harold (D)
  An ancient champion (D)
  Gastronok (D)
  2 shadow dragons (D)
  A nagaraja (D)
  Roxanne (D)
  A frost giant (D)
  3 fire giants (D)
  12 azure jellies (D)
  A storm dragon (D)
  An iron dragon (D)
  3 draconian knights (D)
  3 ghost moths (D)
  A draconian shifter (D)
  3 draconian stormcallers (D)
  A reaper (D)
  4 war gargoyles (D)
  2 stone giants (D)
  2 vampire knights (D)
  2 deep elf annihilators (D)
  Azrael (D)
  2 dire elephants (D)
  A yellow draconian (D)
  A deep elf high priest (D)
  10 mummy priests (D)
  2 yaktaur captains (D)
  A deep elf death mage (D)
  A fire dragon (D)
  An ice dragon (shapeshifter) (D)
  5 death oozes (D)
  3 hydras (D)
  18 vault guards (D)
  2 hell beasts (D)
  A naga warrior (D)
  4 anacondas (D)
  2 iron elementals (D)
  Erica (D)
  An anaconda (shapeshifter) (D)
  3 centaur warriors (D)
  4 dancing weapons (D)
  Urug (D)
  5 orc high priests (D)
  An ogre mage (D)
  4 death yaks (D)
  2 deep elf knights (D)
  3 titan zombies (D)
  An iron golem (D)
  6 sun demons (D)
  9 skeletal warriors (D)
  3 soul eaters (D)
  A shadow wraith (D)
  A sea snake (shapeshifter) (D)
  A glowing orange brain (shapeshifter) (D)
  3 death drakes (D)
  An unseen horror (D)
  2 infernal demonspawn (D)
  A golden dragon zombie (D)
  An anaconda zombie (D)
  A spriggan druid (D)
  3 kraken simulacra (D)
  A glowing orange brain (D)
  A spectral hydra (D)
  An orange crystal statue (D)
  A lindwurm (D)
  Joseph (D)
  2 obsidian statues (D)
  An orc knight (D)
  6 deep elf magi (D)
  4 ugly things (D)
  4 crystal guardians (D)
  2 oklob plants (D)
  A faun (shapeshifter) (D)
  5 shining eyes (D)
  A moth of wrath (shapeshifter) (D)
  2 elephants (D)
  A moth of wrath (D)
  2 stone giant skeletons (D)
  9 black mambas (D)
  An iron troll simulacrum (D)
  A guardian serpent (D)
  3 rust devils (D)
  7 statues (D)
  A molten gargoyle (D)
  2 spiny frogs (D)
  A smoke demon (D)
  An orange demon (D)
  10 yaktaurs (D)
  A rime drake (D)
  A komodo dragon (D)
  3 ice devils (D)
  2 tormentors (D)
  25 guardian mummies (D)
  A wind drake (shapeshifter) (D)
  A queen bee (D)
  A red devil (D)
  4 spriggan defenders (D)
  3 hornets (D)
  8 blink frogs (D)
  2 tyrant leeches (D)
  7 slime creatures (D)
  3 wandering mushrooms (D)
  3 redbacks (D)
  10 shadows (D)
  2 spriggans (D)
  A golden eye (D)
  4 neqoxecs (D)
  A chaos spawn (D)
  A spatial vortex (D)
  2 nagas (D)
  An acid dragon (shapeshifter) (D)
  A hydra simulacrum (D)
  4 water moccasins (D)
  An orc warrior (D)
  4 floating eyes (D)
  A swamp drake (D)
  2 black mamba simulacra (D)
  A necrophage (D)
  2 centaurs (D)
  4 swamp dragon skeletons (D)
  An earth elemental (D)
  A water elemental (D)
  32 killer bees (D)
  3 electric eels (D)
  12 quasits (D)
  A jelly (D)
  4 orc priests (D)
  5 orc wizards (D)
  A wizard (D)
  Jessica (D)
  A necromancer (D)
  A polar bear simulacrum (D)
  3 humans (D)
  A kobold demonologist (D)
  A wolf (D)
  7 adders (D)
  2 white imps (D)
  2 oozes (D)
  A ball lightning (D)
  6 orcs (D)
  A rat (D)
  3 ballistomycetes (D)
  7 bushes (D)
  10 butterflies (D)
  37 plants (D)
557 creatures vanquished.

Vanquished Creatures (others)
  2 draconian scorchers (D)
  Nessos (D)
  A yaktaur captain (D)
  2 statues (D)
  An infernal demonspawn (D)
  2 smoke demons (D)
  6 hellions (D)
  4 yaktaurs (D)
  3 guardian mummies (D)
  A hellwing (D)
  2 red devils (D)
  A neqoxec (D)
  A chaos spawn (D)
  4 ball lightnings (D)
  A ballistomycete (D)
  4 ballistomycete spores (D)
  A bush (D)
  7 plants (D)
44 creatures vanquished.

Grand Total: 601 creatures vanquished

Notes
Turn   | Place    | Note
-------+----------+-------------------------------------------
     0 | D        | Kidiri the Troll Monk began the quest for the Orb.
     0 | D        | Reached XP level 1. HP: 22/22 MP: 0/0
    12 | D        | Reached XP level 2. HP: 31/31 MP: 1/1
    30 | D        | Noticed Jessica
    39 | D        | Killed Jessica
    39 | D        | Reached skill level 4 in Unarmed Combat
    39 | D        | Reached XP level 3. HP: 30/39 MP: 2/2
    62 | D        | Killed a yaktaur
    63 | D        | Reached skill level 5 in Unarmed Combat
    72 | D        | Reached XP level 4. HP: 34/49 MP: 3/3
    90 | D        | Gained mutation: You have a pair of small horns on your head. [potion of mutation]
    90 | D        | Gained mutation: Your flesh is heat resistant. (rF+) [potion of mutation]
    91 | D        | Lost mutation: You have a pair of small horns on your head. [potion of mutation]
    91 | D        | Lost mutation: Your flesh is heat resistant. (rF+) [potion of mutation]
    91 | D        | Gained mutation: You are frail. (-10% HP) [potion of mutation]
    91 | D        | Gained mutation: You have a beak for a mouth. [potion of mutation]
    91 | D        | Gained mutation: You have large cloven feet. [potion of mutation]
    91 | D        | Gained mutation: You are resistant to hostile enchantments. (MR+) [potion of mutation]
    92 | D        | Lost mutation: You are frail. (-10% HP) [potion of mutation]
    92 | D        | Lost mutation: You are resistant to hostile enchantments. (MR+) [potion of mutation]
    92 | D        | Gained mutation: You are weak. (Str -2) [potion of mutation]
    92 | D        | Gained mutation: Armour fits poorly on your strangely shaped body. [potion of mutation]
    92 | D        | Gained mutation: You are partially covered in yellow scales. (AC +2) [potion of mutation]
    93 | D        | Lost mutation: Armour fits poorly on your strangely shaped body. [potion of mutation]
    93 | D        | Lost mutation: You have large cloven feet. [potion of mutation]
    93 | D        | Gained mutation: You have sharp toenails. [potion of mutation]
    99 | D        | Killed a hellion
   104 | D        | Noticed a water elemental
   110 | D        | Killed a hellion
   111 | D        | Killed a water elemental
   111 | D        | Reached skill level 5 in Fighting
   111 | D        | Reached skill level 6 in Unarmed Combat
   140 | D        | Found an ornate altar of the Wu Jian Council.
   140 | D        | Found a roughly hewn altar of Beogh.
   140 | D        | Found an iron altar of Okawaru.
   140 | D        | Found a bloodstained altar of Trog.
   140 | D        | Found a hide-covered altar of Uskayaw.
   140 | D        | Noticed a human
   141 | D        | Noticed a human
   143 | D        | Became a worshipper of the Wu Jian Council
   143 | D        | Reached * piety under Wu Jian
   143 | D        | Reached ** piety under Wu Jian
   162 | D        | Killed a human
   162 | D        | Reached skill level 5 in Dodging
   162 | D        | Reached skill level 8 in Unarmed Combat
   162 | D        | Reached XP level 5. HP: 16/59 MP: 4/4
   162 | D        | Reached XP level 6. HP: 18/67 MP: 5/5
   164 | D        | Killed a human
   164 | D        | Reached skill level 9 in Unarmed Combat
   164 | D        | Killed a hellion
   165 | D        | Killed a hellion
   165 | D        | Killed a hellion
   167 | D        | Killed a hellion
   187 | D        | Killed a white draconian scorcher
   265 | D        | Found a radiant altar of Vehumet.
   266 | D        | Found a deep blue altar of Sif Muna.
   266 | D        | Found an ancient bone altar of Kikubaaqudgha.
   272 | D        | Noticed a rust devil
   293 | D        | Found a glowing silver altar of Zin.
   294 | D        | Found a glowing golden altar of the Shining One.
   294 | D        | Found a white marble altar of Elyvilon.
   294 | D        | Noticed a deep elf mage
   297 | D        | Noticed an ice beast
   298 | D        | Noticed an ice beast
   299 | D        | Killed a deep elf mage
   299 | D        | Reached *** piety under Wu Jian
   299 | D        | Reached skill level 11 in Unarmed Combat
   299 | D        | Reached XP level 7. HP: 74/78 MP: 6/6
   313 | D        | Found a basalt altar of Yredelemnul.
   313 | D        | Found a shadowy altar of Dithmenos.
   313 | D        | Found a sacrificial altar of Ru.
   325 | D        | Killed a white draconian scorcher
   327 | D        | Noticed a shadow
   329 | D        | Killed a shadow
   329 | D        | Reached **** piety under Wu Jian
   329 | D        | Reached XP level 8. HP: 87/87 MP: 7/7
   337 | D        | Found a blossoming altar of Fedhas.
   337 | D        | Found a stormy altar of Qazlal.
   337 | D        | Found a snail-covered altar of Cheibriados.
   337 | D        | Found a burning altar of Makhleb.
   337 | D        | Found a shimmering altar of Xom.
   338 | D        | Found a hazy altar of Hepliaklqana.
   338 | D        | Found an opulent altar of Gozag.
   338 | D        | Found a sparkling altar of Nemelex Xobeh.
   338 | D        | Found a corrupted altar of Lugonu.
   338 | D        | Found a viscous altar of Jiyva.
   359 | D        | Noticed Erica
   367 | D        | Killed Erica
   367 | D        | Reached skill level 5 in Stealth
   367 | D        | Reached skill level 13 in Unarmed Combat
   414 | D        | Reached XP level 9. HP: 63/96 MP: 8/8
   465 | D        | Noticed a centaur warrior
   469 | D        | Reached ***** piety under Wu Jian
   474 | D        | Killed a centaur warrior
   474 | D        | Reached skill level 14 in Unarmed Combat
   525 | D        | Noticed an unseen horror
   526 | D        | Killed an unseen horror
   526 | D        | Reached skill level 1 in Armour
   544 | D        | Noticed a queen bee
   557 | D        | Reached skill level 1 in Bows
   612 | D        | Killed a queen bee
   702 | D        | Reached XP level 10. HP: 102/106 MP: 9/9
   720 | D        | Reached ****** piety under Wu Jian
   810 | D        | Reached skill level 15 in Unarmed Combat
   915 | D        | Reached skill level 10 in Dodging
   964 | D        | Noticed a spiny frog
   964 | D        | Noticed a spiny frog
   967 | D        | Killed a spiny frog
   969 | D        | Killed a spiny frog
  1165 | D        | Noticed a lindwurm
  1170 | D        | Killed a lindwurm
  1170 | D        | Reached skill level 10 in Fighting
  1198 | D        | Noticed Urug
  1200 | D        | Killed Urug
  1200 | D        | Reached XP level 11. HP: 110/118 MP: 10/10
  1291 | D        | Reached skill level 16 in Unarmed Combat
  1316 | D        | Noticed Rupert
  1319 | D        | Killed Rupert
  1319 | D        | Reached skill level 5 in Armour
  1333 | D        | Noticed a death yak
  1334 | D        | Noticed a death yak
  1340 | D        | Killed a death yak
  1341 | D        | Noticed a death yak
  1341 | D        | Killed a death yak
  1344 | D        | Noticed a death yak
  1346 | D        | Noticed an azure jelly
  1346 | D        | Noticed an azure jelly
  1346 | D        | Noticed an azure jelly
  1346 | D        | Noticed an azure jelly
  1347 | D        | Killed a death yak
  1349 | D        | Killed a death yak
  1516 | D        | Noticed a death drake
  1524 | D        | Killed a death drake
  1524 | D        | Reached skill level 5 in Bows
  1524 | D        | Reached XP level 12. HP: 67/129 MP: 11/11
  1700 | D        | Noticed a dire elephant
  1700 | D        | Noticed a dire elephant
  1700 | D        | Noticed Gastronok
  1706 | D        | Killed a dire elephant
  1706 | D        | Reached skill level 17 in Unarmed Combat
  1715 | D        | Killed a dire elephant
  1729 | D        | HP: 5/132 [Gastronok (31)]
  1732 | D        | Killed Gastronok
  1907 | D        | Noticed an orc high priest
  1911 | D        | Killed an orc high priest
  1913 | D        | Noticed an orc high priest
  1913 | D        | Noticed an orc high priest
  1913 | D        | Noticed an orc high priest
  1913 | D        | Found Paewneog's Gadget Shop.
  1920 | D        | Killed an orc high priest
  1920 | D        | Killed an orc high priest
  1920 | D        | Killed an orc high priest
  2021 | D        | Reached skill level 10 in Stealth
  2078 | D        | Noticed a deep elf annihilator
  2108 | D        | Noticed a deep elf death mage
  2110 | D        | Noticed a deep elf master archer
  2196 | D        | Noticed a deep elf annihilator
  2197 | D        | Noticed a deep elf high priest
  2200 | D        | Killed a deep elf annihilator
  2200 | D        | Reached skill level 18 in Unarmed Combat
  2242 | D        | Got a smoking gossamer ring
  2244 | D        | Identified the ring "Jayps" {+Fly rElec rC+ rN+ Str+6} (You took it off a deep elf annihilator in the Dungeon)
  2348 | D        | Killed a deep elf death mage
  2661 | D        | Killed a ghostly deep elf death mage
  2661 | D        | Reached XP level 13. HP: 144/144 MP: 12/12
  2765 | D        | Reached skill level 1 in Evocations
  2841 | D        | Killed a deep elf annihilator
  2884 | D        | Killed a deep elf master archer
  2888 | D        | Got a glittering silver ring
  2900 | D        | Got a faintly glowing pewter ring
  2900 | D        | Got a translucent platinum amulet
  2918 | D        | Got a steaming cloak
  2921 | D        | Identified Uwoecoz's Catalogue of Sinister Secrets
  3032 | D        | Identified the cursed +0 cloak of Reas {rF+} (You found it in the Dungeon)
  3064 | D        | Identified the amulet "Xeeb" {Spirit rPois MR+} (You found it in the Dungeon)
  3065 | D        | Identified the ring "Rid Ybb" {rPois EV+3 Slay+2} (You took it off a deep elf high priest in the Dungeon)
  3067 | D        | Identified the ring "Kacenotu" {rC+ Str+3} (You found it in the Dungeon)
  3444 | D        | Noticed a nagaraja
  3446 | D        | Found Myghom's Antique Armour Shop.
  3446 | D        | Found Senischo's Gadget Shoppe.
  3448 | D        | Found Zuarres's Food Boutique.
  3450 | D        | Killed a nagaraja
  3450 | D        | Reached skill level 19 in Unarmed Combat
  3484 | D        | Got a serpentine rune of Zot
  3495 | D        | Gained mutation: Scrolls take you a little longer to read. [mutagenic meat]
  3552 | D        | Found a blossoming altar of Fedhas.
  3591 | D        | HP: 6/146 [six-headed hydra simulacrum (6)]
  3865 | D        | Noticed Harold
  3865 | D        | Noticed Joseph
  3869 | D        | Killed Harold
  3870 | D        | Killed Joseph
  4083 | D        | Found Igyta's Food Emporium.
  4083 | D        | Found Jeng's Magic Scroll Shop.
  4083 | D        | Found Sitzot's Jewellery Boutique.
  4083 | D        | Found Iguwisk's Jewellery Shoppe.
  4083 | D        | Found Yshifisch's Book Boutique.
  4083 | D        | Found Tagistuphe's Antique Armour Emporium.
  4083 | D        | Found Nazxoal's Antique Weapon Shoppe.
  4083 | D        | Found Ezuhifogac's Distillery.
  4083 | D        | Found Pecse's Distillery.
  4083 | D        | Found Zoiseif's Gadget Emporium.
  4083 | D        | Found Obivys's Distillery.
  4083 | D        | Found Ledwe's Magic Scroll Boutique.
  4098 | D        | Bought 2 potions of mutation for 176 gold pieces
  4098 | D        | Bought 2 potions of haste for 220 gold pieces
  4098 | D        | Bought a potion of heal wounds for 55 gold pieces
  4098 | D        | Bought a potion of heal wounds for 55 gold pieces
  4098 | D        | Bought a potion of mutation for 88 gold pieces
  4098 | D        | Bought a potion of heal wounds for 55 gold pieces
  4099 | D        | Bought a potion of heal wounds for 65 gold pieces
  4099 | D        | Bought 2 potions of curing for 78 gold pieces
  4099 | D        | Bought a potion of curing for 39 gold pieces
  4107 | D        | Bought a scroll of identify for 22 gold pieces
  4107 | D        | Bought a scroll of blinking for 82 gold pieces
  4107 | D        | Bought a scroll of acquirement for 572 gold pieces
  4107 | D        | Lost mutation: Scrolls take you a little longer to read. [potion of mutation]
  4107 | D        | Lost mutation: You are weak. (Str -2) [potion of mutation]
  4107 | D        | Gained mutation: You are robust. (+10% HP) [potion of mutation]
  4107 | D        | Gained mutation: Your flesh is cold resistant. (rC+) [potion of mutation]
  4110 | D        | Bought 2 potions of curing for 78 gold pieces
  4110 | D        | Bought a potion of curing for 39 gold pieces
  4110 | D        | Bought a potion of heal wounds for 65 gold pieces
  4110 | D        | Bought a potion of heal wounds for 65 gold pieces
  4110 | D        | Bought a potion of curing for 39 gold pieces
  4110 | D        | Bought a potion of curing for 39 gold pieces
  4112 | D        | Bought a scroll of fear for 45 gold pieces
  4112 | D        | Bought a scroll of identify for 26 gold pieces
  4126 | D        | Got a twisted large shield
  4132 | D        | Identified the +0 large shield "Isiturph" {rF- Int+4 Stlth+} (You acquired it in the Dungeon)
  4188 | D        | Reached XP level 14. HP: 112/172 MP: 16/16
  4304 | D        | Noticed Azrael
  4311 | D        | Killed Azrael
  4311 | D        | Reached skill level 1 in Shields
  4357 | D        | Got twisted swamp dragon scales
  4368 | D        | Identified the +5 swamp dragon scales of Life {rPois MR+ Str+2 Int-3} (You acquired it in the Dungeon)
  4473 | D        | Found Coucval's Antique Weapon Shoppe.
  4473 | D        | Found Xoitieph's Food Boutique.
  4473 | D        | Found Lere Leiw's Jewellery Emporium.
  4626 | D        | Got a decaying rune of Zot
  4824 | D        | Reached skill level 15 in Dodging
  4893 | D        | Reached skill level 5 in Evocations
  4982 | D        | Reached skill level 15 in Fighting
  5022 | D        | Reached skill level 20 in Unarmed Combat
  5147 | D        | Reached skill level 10 in Armour
  5150 | D        | Noticed an ancient lich
  5173 | D        | Got a brightly glowing mace
  5177 | D        | Got a spiked scale mail
  5183 | D        | Identified the +7 mace of Articulation {drain, +Inv} (You found it in the Dungeon)
  5221 | D        | Noticed a sphinx
  5221 | D        | Noticed a sphinx
  5226 | D        | Killed a sphinx
  5234 | D        | Killed a sphinx
  5296 | D        | Noticed a reaper
  5554 | D        | Reached skill level 5 in Shields
  5708 | D        | Noticed Chuck
  5731 | D        | Killed Chuck
  5797 | D        | Noticed Sojobo
  5798 | D        | Reached XP level 15. HP: 163/185 MP: 18/18
  5808 | D        | Killed Sojobo
  5847 | D        | Noticed a lich
  5849 | D        | Killed a lich
  5860 | D        | Noticed a shadow dragon
  5861 | D        | Noticed a shadow dragon
  5864 | D        | Reached skill level 21 in Unarmed Combat
  5872 | D        | Killed a shadow dragon
  5875 | D        | Killed a shadow dragon
  6142 | D        | Killed an azure jelly
  6148 | D        | Killed an azure jelly
  6151 | D        | Killed an azure jelly
  6153 | D        | Killed an azure jelly
  6270 | D        | Noticed Boris
  6284 | D        | Killed Boris
  6372 | D        | Found Emnusan's Food Emporium.
  6372 | D        | Found Nuhef's Distillery.
  6372 | D        | Found Mamiux's Distillery.
  6372 | D        | Found Nueschul's Gadget Shoppe.
  6381 | D        | Bought a potion of resistance for 100 gold pieces
  6381 | D        | Bought a potion of heal wounds for 50 gold pieces
  6381 | D        | Bought a potion of heal wounds for 50 gold pieces
  6381 | D        | Bought a potion of heal wounds for 50 gold pieces
  6381 | D        | Bought a potion of heal wounds for 50 gold pieces
  6383 | D        | Bought a potion of haste for 130 gold pieces
  6383 | D        | Bought a potion of heal wounds for 65 gold pieces
  6383 | D        | Bought a potion of curing for 39 gold pieces
  6383 | D        | Bought a potion of curing for 39 gold pieces
  6383 | D        | Bought 2 potions of agility for 104 gold pieces
  6506 | D        | Reached skill level 10 in Bows
  6541 | D        | Noticed Mara
  6553 | D        | Killed Mara
  6553 | D        | Reached skill level 22 in Unarmed Combat
  6553 | D        | Reached XP level 16. HP: 201/201 MP: 21/21
  6607 | D        | Noticed an ancient champion
  6608 | D        | Killed an ancient champion
  6608 | D        | Reached skill level 15 in Stealth
  6744 | D        | Found Hiclaopn's Distillery.
  6770 | D        | Noticed Roxanne
  6777 | D        | Killed Roxanne
  7070 | D        | Noticed a titan
  7071 | D        | Noticed a quicksilver dragon
  7071 | D        | Noticed a golden dragon
  7071 | D        | Noticed a quicksilver dragon
  7071 | D        | Noticed a quicksilver dragon
  7071 | D        | Noticed a titan
  7080 | D        | Killed a quicksilver dragon
  7092 | D        | Reached skill level 23 in Unarmed Combat
  7097 | D        | Killed a golden dragon
  7099 | D        | Killed a titan
  7099 | D        | Reached skill level 10 in Evocations
  7107 | D        | Killed a quicksilver dragon
  7118 | D        | Killed a quicksilver dragon
  7121 | D        | Reached skill level 10 in Shields
  7122 | D        | Killed a titan
  7388 | D        | Got a silver rune of Zot
  7395 | D        | Identified the Almanac of the Mountains and Combat Magic
  7440 | D        | Got an encrusted great sword {flame}
  7446 | D        | Got a slimy morningstar {elec}
  7494 | D        | Identified the +4 morningstar of Midsummer {elec, +Blink Str+7} (You took it off a fire giant in the Dungeon)
  7500 | D        | Identified the cursed +1 great sword "Doaxuf" {flame, *Drain Dex+9} (You took it off a vault guard in the Dungeon)
  7847 | D        | Noticed Nikola
  7847 | D        | Noticed a storm dragon
  7854 | D        | Killed a storm dragon
  7872 | D        | Killed Nikola
  7872 | D        | Reached XP level 17. HP: 196/217 MP: 23/23
  8096 | D        | Noticed a greater mummy
  8096 | D        | Noticed a greater mummy
  8310 | D        | Killed a greater mummy
  8310 | D        | Reached skill level 24 in Unarmed Combat
  8541 | D        | Killed a greater mummy
  8557 | D        | Got a scorched hand crossbow
  8586 | D        | Got a golden rune of Zot
  8588 | D        | Got a faintly glowing giant club
  8599 | D        | Identified the +9 hand crossbow "Gudd" {elec, +Inv rF+} (You found it in the Dungeon)
  8611 | D        | Identified the +10 giant club of the Wraith {flame, *Drain rC+ MR+ Str+4} (You found it in the Dungeon)
  8817 | D        | Noticed Mennas
  8825 | D        | Killed Mennas
  8869 | D        | Killed Nessos
  8895 | D        | Noticed Geryon
  8901 | D        | Killed Geryon
  8953 | D        | Noticed an iron giant
  8964 | D        | Killed an iron giant
  9018 | D        | Reached skill level 25 in Unarmed Combat
  9048 | D        | Noticed a Hell Sentinel
  9055 | D        | Killed a Hell Sentinel
  9061 | D        | Got a fine shield
  9073 | D        | Identified the +3 shield "Liclee" {+Fly rN+ Str+7} (You found it in the Dungeon)
  9156 | D        | Noticed a Hell Sentinel
  9156 | D        | Noticed a Hell Sentinel
  9156 | D        | Noticed Dispater
  9159 | D        | Noticed a Tzitzimitl
  9159 | D        | Killed a Hell Sentinel
  9162 | D        | Killed a Hell Sentinel
  9166 | D        | Killed Dispater
  9169 | D        | Got a serpentine ivory ring
  9171 | D        | Identified the Disquisition on Clay and Enhancements
  9173 | D        | Got an ichor-stained battleaxe
  9175 | D        | Got an iron rune of Zot
  9177 | D        | Got a steaming zirconium amulet
  9177 | D        | Got a transparent bronze ring
  9183 | D        | Identified the ring of the Marlin {Fire rPois Dex+2 SInv Stlth+} (You found it in the Dungeon)
  9185 | D        | Identified the amulet of the Monkey's Uncle {Gourm Slay+2} (You found it in the Dungeon)
  9187 | D        | Identified the ring of Past Mistakes {Dex+3 Stlth+} (You found it in the Dungeon)
  9205 | D        | Identified the cursed +0 battleaxe of Miriog {venom, rElec Dex+9} (You found it in the Dungeon)
  9261 | D        | Reached XP level 18. HP: 228/228 MP: 24/26
  9263 | D        | Noticed an Ice Fiend
  9264 | D        | Killed an Ice Fiend
  9264 | D        | Reached skill level 15 in Armour
  9302 | D        | Noticed Antaeus
  9313 | D        | Killed Antaeus
  9317 | D        | Got an icy rune of Zot
  9552 | D        | Noticed an Ice Fiend
  9556 | D        | Killed an Ice Fiend
  9556 | D        | Reached skill level 26 in Unarmed Combat
  9562 | D        | Noticed an Ice Fiend
  9565 | D        | Killed an Ice Fiend
  9568 | D        | Got a vibrating glass ring
  9570 | D        | Identified the ring of Otwaum {Slay+6 Stlth+} (You found it in the Dungeon)
  9684 | D        | Noticed an Ice Fiend
  9688 | D        | Killed an Ice Fiend
  9743 | D        | Noticed an Ice Fiend
  9749 | D        | Killed an Ice Fiend
 10407 | D        | Noticed the Serpent of Hell
 10409 | D        | Noticed a Brimstone Fiend
 10420 | D        | Killed the Serpent of Hell
 10420 | D        | Reached skill level 15 in Shields
 10422 | D        | Killed a Brimstone Fiend
 10438 | D        | Identified Sif Muna's Almanac of Poisoning and Enchantment
 10444 | D        | Got a steaming morningstar
 10456 | D        | Got a faintly glowing longbow
 10459 | D        | Got an obsidian rune of Zot
 10485 | D        | Identified the +4 morningstar "Asesipul" {crush, +Rage rN+} (You found it in the Dungeon)
 10486 | D        | Identified the +1 longbow "Plog" {venom, rElec rN+ Dex+3} (You found it in the Dungeon)
 10920 | D        | Noticed Gloorx Vloq
 10920 | D        | Noticed a greater mummy
 10922 | D        | Killed a greater mummy
 10924 | D        | Killed Gloorx Vloq
 10937 | D        | Noticed a greater mummy
 10939 | D        | Killed a greater mummy
 10939 | D        | Reached skill level 27 in Unarmed Combat
 11207 | D        | Noticed a greater mummy
 11211 | D        | Noticed a greater mummy
 11211 | D        | Noticed Ereshkigal
 11211 | D        | Killed a greater mummy
 11211 | D        | Reached XP level 19. HP: 237/249 MP: 8/28
 11216 | D        | Killed a greater mummy
 11218 | D        | Killed Ereshkigal
 11230 | D        | Got a bone rune of Zot
 11552 | D        | Noticed a Killer Klown
 11558 | D        | Killed a Killer Klown
 11587 | D        | Reached skill level 15 in Evocations
 11611 | D        | Noticed an ancient lich
 11616 | D        | Killed an ancient lich
 11622 | D        | Noticed an electric golem
 11631 | D        | Killed an electric golem
 11699 | D        | Noticed Tiamat
 11708 | D        | Reached skill level 15 in Bows
 11722 | D        | Killed Tiamat
 12095 | D        | Bought an uncursed ring of resist corrosion for 200 gold pieces
 12394 | D        | Gained mutation: You are clumsy. (Dex -2) [a shining eye]
 12469 | D        | Found a viscous altar of Jiyva.
 12469 | D        | Noticed the Royal Jelly
 12475 | D        | Gained mutation: You occasionally shout uncontrollably at your foes. [a shining eye]
 12476 | D        | Gained mutation: You are weak. (Str -2) [a shining eye]
 12507 | D        | Killed the Royal Jelly
 12507 | D        | Reached XP level 20. HP: 62/271 MP: 30/30
 13079 | D        | Noticed Nellie
 13084 | D        | Killed Nellie
 13091 | D        | Got a demonic rune of Zot
 13173 | D        | Got a slimy rune of Zot
 13438 | D        | Noticed an orb of fire
 13451 | D        | Gained mutation: Your body sometimes deteriorates upon taking damage. [mutagenic glow]
 13453 | D        | Killed an orb of fire
 13498 | D        | Lost mutation: You are robust. (+10% HP) [mutagenic glow]
 13701 | D        | Gained mutation: You sometimes yell uncontrollably at your foes. [mutagenic glow]
 13703 | D        | Got the Orb of Zot
 13726 | D        | Gained mutation: Scrolls take you a little longer to read. [mutagenic glow]
 13757 | D        | Gained mutation: Potions are less effective at restoring your health. [mutagenic glow]
 13993 | D        | Noticed Xaeckoph the pandemonium lord
 13998 | D        | Killed Xaeckoph the pandemonium lord
 13999 | D        | Lost mutation: Your body sometimes deteriorates upon taking damage. [mutagenic glow]
 14016 | D        | Noticed Izxugrip the pandemonium lord
 14024 | D        | Killed Izxugrip the pandemonium lord
 14057 | D        | Gained mutation: You are frail. (-10% HP) [mutagenic glow]
 14111 | D        | Noticed Giukkut the pandemonium lord
 14121 | D        | Killed Giukkut the pandemonium lord
 14252 | D        | Gained mutation: Armour fits poorly on your strangely shaped body. [a neqoxec]
 14265 | D        | Noticed Koipti the pandemonium lord
 14275 | D        | Killed Koipti the pandemonium lord
 14308 | D        | Escaped with the Orb!

Vault maps used:
D:        dungeon_sprint_mu

Skill      XL: |  1  2  3  4  5  6  7  8  9 10 11 12 13 14 15 16 17 18 19 20 |
---------------+-------------------------------------------------------------+-----
Fighting       | 3 4 6 7 8 10 11 13 14 15 17 19 20 22 24 26 | 26.1
Dodging        | 3 4 5 7 8 9 10 12 13 14 16 17 19 21 22 24 26 | 26.2
Unarmed Combat | 4 5 8 11 13 14 15 16 18 19 20 22 23 25 27 | 27.0
Stealth        | 2 3 4 5 6 7 9 10 12 13 14 16 17 19 20 21 | 21.8
Armour         | 1 4 5 7 9 10 12 13 14 16 18 19 | 19.3
Bows           | 1 3 5 6 7 8 10 11 12 13 15 16 | 16.5
Evocations     | 4 6 8 10 12 14 15 17 | 17.0
Shields        | 5 8 10 13 15 17 19 | 19.0

Action                   |  1- 3 |  4- 6 |  7- 9 | 10-12 | 13-15 | 16-18 | 19-21 || total
-------------------------+-------+-------+-------+-------+-------+-------+-------++-------
Melee: Unarmed           |    19 |    43 |    65 |   223 |   467 |   505 |   450 ||  1772
       Punch             |     2 |     1 |     3 |    18 |    42 |     8 |       ||    74
       Kick              |       |    10 |    14 |    59 |   203 |   229 |   187 ||   702
       Peck              |       |     5 |    17 |    48 |   141 |   135 |   121 ||   467
 Fire: Longbow           |       |       |       |    40 |    28 |     7 |       ||    75
       Shortbow          |       |       |       |       |     3 |       |       ||     3
Throw: Throwing net      |       |       |       |       |       |     7 |       ||     7
Invok: Serpent's Lash    |       |       |     1 |    11 |    17 |    16 |     9 ||    54
       Heavenly Storm    |       |       |     1 |     8 |    14 |    11 |     6 ||    40
 Abil: Evoke Flight      |       |       |       |       |     8 |     8 |     6 ||    22
Evoke: Wand              |       |       |       |       |       |       |     6 ||     6
  Use: Potion            |       |     7 |       |     3 |     2 |     3 |     3 ||    18
       Scroll            |       |     3 |       |       |     8 |    15 |    13 ||    39
 Stab: Sleeping          |     2 |     2 |     6 |     5 |    26 |    21 |     4 ||    66
       Distracted        |       |       |     1 |       |     4 |     2 |     2 ||     9
       Held in net/web   |       |       |       |       |     4 |     2 |       ||     6
  Eat: Chunk             |       |     5 |     7 |    15 |    23 |    23 |     5 ||    78
       Royal jelly       |       |       |       |       |     5 |     9 |    10 ||    24
       Fruit             |       |       |       |       |    11 |     3 |       ||    14
Armor: Robe              |     1 |     6 |    15 |    27 |    15 |       |       ||    64
       Swamp dragon scal |       |       |       |       |    55 |    40 |    46 ||   141
Dodge: Dodged            |    12 |    17 |    41 |   141 |   148 |    84 |    79 ||   522
Block: Large shield      |       |       |       |       |    68 |   174 |   195 ||   437
       Other             |       |       |       |       |    29 |     2 |       ||    31
       Reflection        |       |       |       |       |     8 |    31 |     7 ||    46
       Shield            |       |       |       |       |       |     9 |       ||     9
